 Dungeon Crawl Stone Soup version 0.29-a0-384-g6960b1960d (webtiles) character file.

Game seed: 8233340117568517213

247 bastard the Magician (level 6, -3/40 HPs)
             Began as a Djinni Conjurer on May 7, 2022.
             Killed by divine providence
             ... invoked by an orc priest
              (15 damage)
             ... on level 3 of the Dungeon.
             The game lasted 00:03:33 (3160 turns).

bastard the Magician (Djinni Conjurer)              Turns: 3160, Time: 00:03:34

Health: -3/40      AC:  2    Str:  6    XL:     6   Next: 34%
Gold:   93         EV: 12    Int: 21    God:
                   SH:  0    Dex: 12

rFire   + + .      SeeInvis .   e - +2 short sword (holy)
rCold   x . .      Faith    .   (no shield)
rNeg    . . .      Spirit   .   a - +0 robe
rPois   ∞          Reflect  .   (no helmet)
rElec   .          Harm     .   (no cloak)
rCorr   .          Rampage  .   (no gloves)
Will    .....                   (boots unavailable)
Stlth   ++........              (no amulet)
HPRegen 0.13/turn               (no ring)
MPRegen 0.00/turn               (no ring)

@: flying
A: sickness immunity, fire resistance 2, cold vulnerability 1, float, innate
caster, HP casting, extra vitality 1
a: no special abilities


You were on level 3 of the Dungeon.
You visited 1 branch of the dungeon, and saw 3 of its levels.

You collected 93 gold pieces.

Inventory:

Hand Weapons
 e - a +2 short sword of holy wrath (weapon)
Armour
 a - a +0 robe (worn)
Scrolls
 b - 2 scrolls of identify {unknown}
 c - a scroll of enchant armour {unknown}
 g - a scroll of blinking {unknown}
 k - a scroll of fear {unknown}
Potions
 d - a potion of mutation {unknown}
 f - a potion of lignification {unknown}
 h - a potion of curing {unknown}
 i - 3 potions of heal wounds
 j - a potion of resistance {unknown}
 l - a potion of berserk rage {unknown}


   Skills:
 - Level 2.1 Dodging
 - Level 1.5 Stealth
 + Level 5.6 Spellcasting


You couldn't memorise any spells.
You knew the following spells:

 Your Spells              Type           Power      Damage    Failure   Level
a - Magic Dart            Conj           100%       1d8       1%          1
b - Searing Ray           Conj           58%        2d6       1%          2
c - Dazzling Flash        Conj/Hex       58%        N/A       3%          3
d - Fulminant Prism       Conj/Hex       14%        3d9       10%         4
e - Iskenderun's Mystic   Conj/Tloc      29%        2d7       10%         4
f - Freeze                Ice            100%       1d11      1%          1
g - Passwall              Tmut/Erth      24%        N/A       1%          2
Your spell library was empty.

Dungeon Overview and Level Annotations

Branches:
Dungeon (3/15)

Altars:

Annotations:
D:2 exclusion: downstairs


Innate Abilities, Weirdness & Mutations

You are immune to sickness and miasma.
You are immune to poison.
Your flesh is very heat resistant. (rF++)
You are vulnerable to cold. (rC-)
You float through the air rather than walking.
You learn spells naturally, not from books.
Your magical power is your life essence.
You have superior vitality. (+4 MHP)


Message History

The magic dart hits the orc priest!
The orc priest is heavily wounded.
The orc priest shouts!
The orc priest begins to cast a cantrip, but forgets the words!
The magic dart hits the orc priest!
The orc priest is almost dead.
The magic dart hits the orc priest.
You kill the orc priest!
An orc priest is nearby!
An orc priest is nearby!
The magic dart hits the orc priest but does no damage.
The orc priest shouts!
You can't see any susceptible monsters within range! (Use Z to cast anyway.)
You can't see any susceptible monsters within range! (Use Z to cast anyway.)
You can't see any susceptible monsters within range! (Use Z to cast anyway.)
An orc priest is nearby!
The magic dart hits the orc priest but does no damage.
The magic dart hits the orc priest but does no damage.
The orc priest closely misses you.
The magic dart hits the orc priest.
The orc priest is lightly wounded.
The orc priest hits you from afar with a +0 trident.
Casting: Magic Dart (safe; 1% risk of failure)
Confirm with . or Enter, or press ? or * to list all spells.
Aiming: Searing Ray (safe; 1% risk of failure)
Press: ? - help, Shift-Dir - straight line, f/p - orc priest
Aim: an orc priest, wielding a +0 trident and wearing a +0 chain mail (lightly wounded, 85% to hit)
The searing ray hits the orc priest!
The orc priest is almost dead. (Press . to maintain the ray.)
The orc priest drinks a potion.
The orc priest is healed!
The searing ray hits the orc priest!
The orc priest is heavily wounded.
The orc priest hits you from afar with a +0 trident!
* * * LOW HITPOINT WARNING * * *
The searing ray misses the orc priest.
* * * LOW HITPOINT WARNING * * *
The orc priest invokes the aid of Beogh against you.
Beogh smites you!
You die...

........................
...#.########.##.##..#.#
...#.# #####.##.##.....
...#.# ................
...#)# #####.##.##..#.#
...#.# #......# .#.#
#......# .. #......# .#
#.....@# #
#$..o)..).....
###.##.##.)#.# ........
.... ..#..#####. ... .
.... .... .#..# # #
.....


You could see an orc priest.

Vanquished Creatures
  3 orc priests (D:3)
  2 orc wizards (D:3)
  5 adders
  A worm (D:2)
  2 dart slugs
  5 orcs (D:3)
  6 ball pythons
  5 endoplasms
  4 giant cockroaches
  A goblin (D:3)
  3 hobgoblins (D:1)
  4 quokkas
  5 bats
  5 frilled lizards
  5 kobolds
  3 rats (D:2)
59 creatures vanquished.

Notes
Turn   | Place    | Note
-------+----------+-------------------------------------------
     0 | D:1      | bastard the Djinni Conjurer began the quest for the Orb.
     0 | D:1      | Reached XP level 1. HP: 15/15 MP: 0/0
   332 | D:1      | Reached XP level 2. HP: 19/21 MP: 0/0
   603 | D:1      | You are sucked into a shaft and drop 1 floor!
   932 | D:1      | Reached XP level 3. HP: 23/25 MP: 0/0
   932 | D:1      | Learned a level 1 spell: Freeze
  1015 | D:1      | Found a faded altar of an unknown god.
  1150 | D:1      | Reached skill level 4 in Spellcasting
  1814 | D:2      | Reached XP level 4. HP: 30/31 MP: 0/0
  2659 | D:3      | Reached XP level 5. HP: 30/35 MP: 0/0
  2659 | D:3      | Learned a level 2 spell: Passwall
  2821 | D:3      | Reached skill level 5 in Spellcasting
  3120 | D:3      | Reached XP level 6. HP: 37/40 MP: 0/0
  3160 | D:3      | Killed from afar by an orc priest

Illustrated notes

Levels and vault maps discovered:
D:1:      spicycebolla_arrival_xxxplode, layout_rooms,
          shapermc_ecumenical_altar_petra, serial_corexii_hall,
          corexii_hall_statues_x, chequers_hall_statues_corner_a,
          corexii_hall_statues_x, minmay_tetromino_s2
D:2:      layout_loops_ring
D:3:      layout_basic, biasface_ghost_orc_armoury, roderic_roman_lattice,
          st_stairs_6

Skill      XL: |  1  2  3  4  5 |
---------------+----------------+-----
Spellcasting   | 4 5 |  5.6
Dodging        | |  2.1
Stealth        | |  1.5

Action                   |  1- 3 |  4- 6 || total
-------------------------+-------+-------++-------
Melee: Short sword       |       |     1 ||     1
 Cast: Magic Dart        |    68 |    58 ||   126
       Searing Ray       |       |     7 ||     7
       Iskenderun's Myst |       |     2 ||     2
Armor: Robe              |     1 |     4 ||     5
Dodge: Dodged            |     3 |    12 ||    15

Table legend: (Time is in decaauts)
 A = Elapsed time spent in this place.
 B = Non-inter-level travel time spent in this place.
 C = Inter-level travel time spent in this place.
 D = Time resting spent in this place.
 E = Time spent auto-exploring this place.
 F = Levels seen in this place.
 G = Mean time per level.
                   A        B        C        D        E       F      G
               +--------+--------+--------+--------+--------+-----+--------+
         Total |   3161 |   3084 |     77 |      0 |   2785 |   3 | 1053.7 |
       Dungeon |   3161 |   3084 |     77 |      0 |   2785 |   3 | 1053.7 |
               +--------+--------+--------+--------+--------+-----+--------+

Top non-repeatable levels by time:
     D:1: 1298 daAuts
     D:2: 989 daAuts
     D:3: 873 daAuts
